 Dungeon Crawl Stone Soup version 0.27.0-65-ge2af304b15 (webtiles) character file.

Game seed: 5115002624019449681

67 robertstho the Magician (level 4, 0/32 HPs)
             Began as a Djinni Fire Elementalist on Aug 18, 2021.
             Slain by a frilled lizard (3 damage)
             ... on level 3 of the Dungeon.
             The game lasted 00:02:20 (3202 turns).

robertstho the Magician (Djinni Fire Elementalist)  Turns: 3202, Time: 00:02:21

Health: 0/32       AC:  2    Str:  7    XL:     4   Next: 40%
Gold:   89         EV:  9    Int: 18    God:
                   SH:  6    Dex: 13

rFire    + + .     SeeInvis .   e - +1 dagger (venom)
rCold    x . .     Faith    .   d - +0 kite shield
rNeg     . . .     Spirit   .   a - +0 robe
rPois    ∞         Reflect  .   (no helmet)
rElec    .         Harm     .   (no cloak)
rCorr    .         Rampage  .   (no gloves)
Will     .....                  (boots unavailable)
Stlth    ++........             (no amulet)
HPRegen  0.10/turn              (no ring)
MPRegen  0.00/turn              (no ring)

@: flying, very slightly contaminated
A: sickness immunity, fire resistance 2, cold vulnerability 1, float, innate
caster, hp casting, extra vitality 1
a: no special abilities


You were on level 3 of the Dungeon.
You visited 1 branch of the dungeon, and saw 3 of its levels.

You collected 89 gold pieces.

Inventory:

Hand Weapons
 b - a +0 short sword
 e - a +1 dagger of venom (weapon)
Armour
 a - a +0 robe (worn)
 d - a +0 kite shield (worn)
Scrolls
 f - a scroll of immolation {unknown}
 g - a scroll of identify {unknown}
 h - a scroll of acquirement {unknown}
Potions
 c - a potion of mutation {unknown}


   Skills:
 * Level 1.0 Fighting
 + Level 2.2 Dodging
 + Level 1.9 Stealth
 * Level 3.5 Spellcasting


You couldn't memorise any spells.
You knew the following spells:

 Your Spells              Type           Power      Damage    Failure   Level
a - Foxfire               Conj/Fire      60%        2x1d7     26%         1
b - Conjure Flame         Conj/Fire      15%        6-21      61%         3
c - Inner Flame           Hex/Fire       15%        N/A       61%         3
d - Sticky Flame          Conj/Fire      15%        2d4       95%         4
e - Fireball              Conj/Fire      7%         3d5       100%        5
f - Pain                  Necr           60%        1d7       26%         1
Your spell library was empty.

Dungeon Overview and Level Annotations

Branches:
Dungeon (3/15)

Altars:


Innate Abilities, Weirdness & Mutations

You are immune to sickness and miasma.
You are immune to poison.
Your flesh is very heat resistant. (rF++)
You are vulnerable to cold. (rC-)
You float through the air rather than walking.
You learn spells naturally, not from books.
Your magical power is your life essence.
You have superior vitality. (+4 HP)


Message History

The adder closely misses you.
Unknown command.
Casting: Foxfire (safe; 26% risk of failure)
Press: ? - help, Q - select action, (/) - cycle Dir - look around, f - activate You conjure some foxfire!
The adder bites you.
Unknown command.
Casting: Foxfire (safe; 26% risk of failure)
Press: ? - help, Q - select action, (/) - cycle Dir - look around, f - activate You conjure some foxfire!
The foxfire hits the adder.
The adder is moderately wounded.
The foxfire hits the adder.
The adder is severely wounded.
The adder barely misses you. The adder closely misses you.
Casting: Foxfire (safe; 26% risk of failure)
Press: ? - help, Q - select action, (/) - cycle Dir - look around, f - activate You conjure some foxfire!
The foxfire hits the adder.
You kill the adder!
You block the frilled lizard's attack.
Casting: Foxfire (safe; 26% risk of failure)
Press: ? - help, Q - select action, (/) - cycle Dir - look around, f - activate You conjure some foxfire!
The foxfire hits the adder but does no damage.
You block the adder's attack. The frilled lizard bites you.
Unknown command.
Casting: Foxfire (safe; 26% risk of failure)
Press: ? - help, Q - select action, (/) - cycle Dir - look around, f - activate You conjure some foxfire!
The foxfire hits the adder.
The adder is severely wounded.
The adder bites you.
* * * LOW HITPOINT WARNING * * *
The frilled lizard closely misses you. The adder bites you.
* * * LOW HITPOINT WARNING * * *
The foxfire hits the adder but does no damage.
The adder is severely wounded.
The adder bites you but does no damage. The frilled lizard bites you.
You die...

..! >... ..). ...
#..# #..
#...###..#
#.#...... ........
#.##..S##### ##
#.....l@...##..#..
##..######........
# ###...#..##.
##...### ....
#..### ..
######.#####
#..........#
#..........#
#........<.#


You could see an adder and a frilled lizard.

Vanquished Creatures
  3 adders
  5 ball pythons
  2 endoplasms (D:2)
  2 giant cockroaches
  2 goblins (D:2)
  9 hobgoblins
  2 jackals (D:1)
  2 kobolds (D:1)
  A quokka (D:1)
  3 bats
  6 frilled lizards
  2 rats (D:1)
39 creatures vanquished.

Vanquished Creatures (others)
  154 foxfires
154 creatures vanquished.

Grand Total: 193 creatures vanquished

Notes
Turn   | Place    | Note
-------+----------+-------------------------------------------
     0 | D:1      | robertstho the Djinni Fire Elementalist began the quest for
                  | the Orb.
     0 | D:1      | Reached XP level 1. HP: 15/15 MP: 0/0
    34 | D:1      | Found a faded altar of an unknown god.
   448 | D:1      | Reached XP level 2. HP: 16/22 MP: 0/0
  1395 | D:1      | Reached skill level 3 in Spellcasting
  1849 | D:2      | Reached XP level 3. HP: 24/26 MP: 0/0
  1849 | D:2      | Learned a level 1 spell: Pain
  2916 | D:2      | Reached XP level 4. HP: 30/31 MP: 0/0
  2989 | D:2      | Reached skill level 1 in Fighting
  3202 | D:3      | Slain by a frilled lizard

Illustrated notes

Levels and vault maps discovered:
D:1:      elethiomel_arrival_quiet, layout_basic,
          hellmonk_ecumenical_altar_zigzags
D:2:      layout_basic, st_stairs_13
D:3:      layout_rooms, minmay_ruptured

Skill      XL: |  1  2  3  4 |
---------------+-------------+-----
Spellcasting   | 3 |  3.5
Fighting       | 1 |  1.0
Dodging        | |  2.2
Stealth        | |  1.9

Action                   |  1- 3 |  4- 6 || total
-------------------------+-------+-------++-------
Melee: Dagger            |     2 |       ||     2
 Cast: Foxfire           |    85 |    13 ||    98
Armor: Robe              |     5 |     1 ||     6
Dodge: Dodged            |     6 |     6 ||    12
Block: Kite shield       |     1 |     2 ||     3
